 Dungeon Crawl Stone Soup version 0.22.1-1-ga44c0e5 (webtiles) character file.

197 Starchild the Gusty (level 5, -1/28 HPs)
             Began as a Tengu Air Elementalist on Sept 23, 2018.
             Slain by a centaur (4 damage)
             ... on level 5 of the Dungeon.
             The game lasted 00:23:06 (2811 turns).

Starchild the Gusty (Tengu Air Elementalist)        Turns: 2811, Time: 00:23:09

Health: -1/28      AC:  2    Str:  8    XL:     5   Next: 75%
Magic:  14/18      EV: 13    Int: 16    God:
Gold:   140        SH:  0    Dex: 15    Spells: 2/8 levels left

rFire    . . .     SeeInvis .   l - +6 dagger (venom)
rCold    . . .     Gourm    .   (no shield)
rNeg     . . .     Faith    .   a - +0 robe
rPois    .         Spirit   .   (helmet restricted)
rElec    .         Reflect  .   (no cloak)
rCorr    .         Harm     .   (no gloves)
MR       .....                  (boots unavailable)
Stlth    ++........             (no amulet)
HPRegen  0.09/turn              o - ring of magical power
MPRegen  0.16/turn              (no ring)

@: very slightly contaminated
A: beak, talons 3, able to fly 1
a: Fly


You were on level 5 of the Dungeon.
You were very hungry.

You visited 1 branch of the dungeon, and saw 5 of its levels.

You collected 140 gold pieces.

Inventory:

Hand Weapons
 e - a +0 dagger
 g - a +2 vampiric dagger
 j - a +2 dagger of venom
 l - a +6 dagger of venom (weapon)
Missiles
 h - 131 stones (quivered)
Armour
 a - a +0 robe (worn)
Jewellery
 o - a ring of magical power (left hand)
Wands
 r - a wand of paralysis (13)
Scrolls
 b - 2 scrolls of amnesia
 d - 2 scrolls of identify
 k - a scroll of teleportation {unknown}
 m - a scroll of fear
 n - a scroll of random uselessness {unknown}
 p - a scroll of remove curse {unknown}
Potions
 f - a potion of flight {unknown}
 i - 2 potions of lignification {unknown}
 q - a potion of invisibility {unknown}
Comestibles
 c - 8 rations


   Skills:
 - Level 2.1 Dodging
 - Level 2.0 Stealth
 - Level 2.0 Spellcasting
 * Level 4.0 Conjurations
 + Level 7.2 Air Magic


You had 2 spell levels left.
You knew the following spells:

 Your Spells              Type           Power        Failure   Level  Hunger
a - Shock                 Conj/Air       ###.         1%          1    #......
b - Swiftness             Chrm/Air       ##......     7%          2    ###....
c - Static Discharge      Conj/Air       ###.....     6%          3    ###....

Your spell library contained the following spells:

 Spells                   Type           Power        Failure   Level  Hunger
 Airstrike                Air            ###.......   11%         4    #####..
 Lightning Bolt           Conj/Air       ###.......   50%         5    ######.


Dungeon Overview and Level Annotations

Branches:
Dungeon (6/15)
 Temple: D:4-7

Altars:
Hepliaklqana
Makhleb
Qazlal
Zin


Innate Abilities, Weirdness & Mutations

You have a beak for a mouth.
You have claws for feet.
You can fly.


Message History

Casting: Static Discharge (safe; 6% risk of failure)
Confirm with . or Enter, or press ? or * to list all spells.
Aiming: Shock (safe; 1% risk of failure)
Press: ? - help, Shift-Dir - straight line That beam is likely to hit you.
Continue anyway?
Okay, then.
Casting: Shock (safe; 1% risk of failure)
Confirm with . or Enter, or press ? or * to list all spells.
Aiming: Shock (safe; 1% risk of failure)
Press: ? - help, Shift-Dir - straight line, f - centaur
Aim: a centaur (moderately wounded, poisoned) That beam is likely to hit you.
Continue anyway?
The zap hits the centaur.
The centaur is moderately wounded.
The zap hits the centaur.
The centaur is heavily wounded.
The zap hits you!
* * * LOW HITPOINT WARNING * * *
The centaur hits you.
You die...

##########
#........#
####.?.....>#
#...........#
....##........#
..#####.########
............#
.......@....#
.......c....#
...%.......##
..#.#..###.# .
#.... .# #....
## ..##. #.# #.


You could see a centaur.

Vanquished Creatures
  An orc priest (D:3)
  Jessica (D:3)
  An orc wizard (D:3)
  3 adders
  2 oozes (D:3)
  2 worms (D:2)
  3 dart slugs
  A leopard gecko (D:1)
  4 orcs (D:3)
  A ball python (D:2)
  A giant cockroach (D:2)
  5 hobgoblins
  3 jackals (D:2)
  6 kobolds
  3 quokkas (D:2)
  8 bats
  2 frilled lizards (D:2)
  9 goblins
  12 rats
68 creatures vanquished.

Notes
Turn   | Place    | Note
-------+----------+-------------------------------------------
     0 | D:1      | Starchild the Tengu Air Elementalist began the quest for
                  | the Orb.
     0 | D:1      | Reached XP level 1. HP: 10/10 MP: 4/4
     3 | D:1      | Noticed an electric eel
     3 | D:1      | Noticed an electric eel
   179 | D:1      | Reached XP level 2. HP: 15/15 MP: 0/6
   183 | D:1      | Learned a level 2 spell: Swiftness
   544 | D:1      | Reached skill level 5 in Air Magic
   975 | D:2      | Reached XP level 3. HP: 18/19 MP: 7/7
  1136 | D:2      | Found a glowing silver altar of Zin.
  1496 | D:2      | Reached XP level 4. HP: 24/24 MP: 2/8
  1497 | D:2      | Reached skill level 6 in Air Magic
  1502 | D:2      | Learned a level 3 spell: Static Discharge
  1998 | D:3      | Noticed an air elemental
  2000 | D:3      | Found a stormy altar of Qazlal.
  2003 | D:3      | Noticed Jessica
  2015 | D:3      | Killed Jessica
  2077 | D:3      | Found a hazy altar of Hepliaklqana.
  2133 | D:3      | Gained mutation: You can fly. [Tengu growth]
  2133 | D:3      | Reached XP level 5. HP: 27/28 MP: 7/9
  2294 | D:3      | Found a faded altar of an unknown god.
  2325 | D:3      | Reached skill level 7 in Air Magic
  2557 | D:3      | Found a burning altar of Makhleb.
  2689 | D:3      | Noticed a water elemental
  2689 | D:3      | Noticed a fire elemental
  2734 | D:3      | You fall through a shaft for 3 floors!
  2795 | D:5      | Entered Level 5 of the Dungeon
  2801 | D:5      | Noticed a centaur
  2811 | D:5      | Slain by a centaur

Skill      XL: |  1  2  3  4  5 |
---------------+----------------+-----
Air Magic      | 5 6 7 |  7.2
Conjurations   | 2 3 4 |  4.0
Dodging        | |  2.1
Stealth        | |  2.0
Spellcasting   | |  2.0

Action                   |  1- 3 |  4- 6 || total
-------------------------+-------+-------++-------
Melee: Dagger            |    53 |    26 ||    79
       Kick              |     7 |     3 ||    10
       Peck              |     2 |     4 ||     6
 Cast: Shock             |    39 |    46 ||    85
       Static Discharge  |       |     4 ||     4
       Swiftness         |       |     2 ||     2
  Use: Scroll            |       |     3 ||     3
 Stab: Sleeping          |     2 |     4 ||     6
  Eat: Chunk             |     2 |     5 ||     7
Armor: Robe              |    11 |     4 ||    15
Dodge: Dodged            |    35 |    14 ||    49
